 Dungeon Crawl Stone Soup version 0.25.0-1-g7eea58d2a3 (webtiles) character file.

Game seed: 4768616517682235040

629446 HungrySpirit the Conqueror (level 27, -4/273 HPs)
             Began as a Hill Orc Earth Elementalist on June 14, 2020.
             Was a High Priest of Okawaru.
             Slain by an Orb Guardian (7 damage)
             ... on level 5 of the Realm of Zot on June 15, 2020.
             The game lasted 04:09:27 (98125 turns).

HungrySpirit the Conqueror (HOEE)                  Turns: 98125, Time: 04:09:29

Health: -4/273     AC: 33    Str: 24      XL:     27
Magic:  22/23      EV: 14    Int:  5 (6)  God:    Okawaru [*****.]
Gold:   5265       SH:  0    Dex: 12      Spells: 28/29 levels left

rFire    + + +     SeeInvis +   R - +9 broad axe (elec)
rCold    + . .     Gourm    .   v - +0 kite shield {AC+3}
rNeg     . . .     Faith    .   N - +7 acid dragon scales of Noughts and Crosses {rC+ rCorr Int-5 Dex+3 Slay+2}
rPois    +         Spirit   .   c - +0 hat of the Harvest {rPois Str+4}
rElec    .         Reflect  +   M - +2 cloak of an ice cave {rF++ SInv}
rCorr    +         Harm     .   n - +0 pair of gloves "Untiuturr" {MR+ Regen+}
MR       ++++.                  S - +1 pair of boots {Fly}
Stlth    +++.......             z - amulet of reflection
HPRegen  0.00/turn              Z - ring of protection from fire
MPRegen  0.18/turn              k - +4 ring of slaying

@: heroism, flying, held
A: talons 1, blurry vision 1, clumsy 1, deterioration 1, dopey 2, low mp 2,
magic resistance 1, screaming 1, inhibited regeneration, weak 2, sturdy frame 1
}: 3/15 runes: barnacled, slimy, gossamer
a: Heroism, Finesse, Renounce Religion, Stop Flying


You were on level 5 of the Realm of Zot.
You worshipped Okawaru.
Okawaru was extremely pleased with you.
You were very full.

You visited 11 branches of the dungeon, and saw 54 of its levels.
You visited the Abyss 2 times.
You visited 1 ziggurat, and saw 1 of its levels.
You also visited: Gauntlet.

You collected 7589 gold pieces.
You spent 2324 gold pieces at shops.

Inventory:

Hand Weapons
 R - a +9 broad axe of electrocution (weapon)
 X - the +9 battleaxe of Ovval {vamp, Str+2}
   (Okawaru gifted it to you on level 5 of the Depths)

   It inflicts no extra harm, but heals its wielder when it wounds a living foe.
   It affects your strength (+2).
Missiles
 J - 13 curare-tipped darts (quivered)
Armour
 b - a +2 cloak of poison resistance
 c - the +0 hat of the Harvest (worn) {rPois Str+4}
   (You found it in a Gauntlet)

   It affects your strength (+4).
   It protects you from poison.
 n - the +0 pair of gloves "Untiuturr" (worn) {MR+ Regen+}
   (You found it on level 4 of the Shoals)

   It affects your resistance to hostile enchantments.
   It increases your rate of regeneration.
 r - the +4 dragonskin cloak
   (You took it off Tiamat on level 3 of the Realm of Zot)
 v - a +0 kite shield of protection (worn)
 y - +6 gold dragon scales
 M - the +2 cloak of an ice cave (worn) {rF++ SInv}
   (Okawaru gifted it to you on level 1 of the Spider Nest)

   It greatly protects you from fire.
   It lets you see invisible.
 N - the +7 acid dragon scales of Noughts and Crosses (worn) {rC+ rCorr Int-5 Dex+3 Slay+2}
   (Okawaru gifted it to you on level 4 of the Spider Nest)

   It affects your intelligence (-5).
   It affects your dexterity (+3).
   It affects your accuracy and damage with ranged weapons and melee attacks
   (+2).
   It protects you from cold.
   It provides partial protection from all sources of acid and corrosion.
 P - a +2 hat of magic resistance
 S - a +1 pair of boots of flying (worn)
Jewellery
 f - a +4 ring of evasion
 k - a +4 ring of slaying (right hand)
 o - an uncursed ring of protection from cold
 s - an uncursed ring of positive energy
 w - the amulet of Yxiset {Acrobat +Blink MP+9 Int+4 Dex-4 Slay+2}
   (You took it off a deep elf elementalist on level 3 of the Elven Halls)

   [amulet of the acrobat]

   It helps you evade while moving and waiting.
   It affects your intelligence (+4).
   It affects your dexterity (-4).
   It affects your accuracy and damage with ranged weapons and melee attacks
   (+2).
   It affects your magic capacity (+9).
   It lets you blink.
 z - an amulet of reflection (around neck)
 D - the ring of Neurosis {rF++ Str+4 Int-4 SInv Stlth+}
   (You found it in a Gauntlet)

   [ring of stealth]

   It affects your strength (+4).
   It affects your intelligence (-4).
   It greatly protects you from fire.
   It lets you see invisible.
   It makes you more stealthy.
 Z - a ring of protection from fire (left hand)
Wands
 q - a wand of paralysis (10)
 u - a wand of digging (4)
Scrolls
 e - 3 scrolls of fog
 t - 2 scrolls of magic mapping
 x - 3 scrolls of blinking
 B - 20 scrolls of remove curse
 E - 2 scrolls of silence
 H - 8 scrolls of identify
 K - 12 scrolls of teleportation
 L - 5 scrolls of fear
Potions
 a - 4 potions of haste
 g - 15 potions of curing
 h - 5 potions of heal wounds
 i - 2 potions of cancellation
 j - 5 potions of stabbing
 l - 7 potions of lignification
 m - a potion of flight
 p - 7 potions of brilliance
 C - 10 potions of might
 G - 3 potions of mutation
 I - a potion of resistance
 O - 6 potions of ambrosia
 Q - 6 potions of magic
Miscellaneous
 A - a lightning rod (4/4)
 T - a phial of floods
 U - a tin of tremorstones (3/3)
 V - 3 phantom mirrors
Comestibles
 d - 41 rations
 F - 3 chunks of flesh


   Skills:
 O Level 27 Fighting
 - Level 23.3(27) Axes
   Level 4.5(19.4) Maces & Flails
   Level 8.3(20.6) Polearms
 - Level 22.0(27) Armour
 + Level 21.6(26.6) Dodging
 - Level 1.5(6.5) Stealth
 + Level 16.7(21.7) Shields
 - Level 1.5 Spellcasting
   Level 0.6 Transmutations
 - Level 3.0 Earth Magic
 - Level 8.0 Invocations
 - Level 6.2 Evocations


You had 28 spell levels left.
You knew the following spells:

 Your Spells              Type           Power        Failure   Level  Hunger
a - Sandblast             Erth           #.....       14%         1    ##.....

Your spell library contained the following spells:

 Spells                   Type           Power        Failure   Level  Hunger
 Passwall                 Tmut/Erth      #.......     32%         2    ###....
 Animate Skeleton         Necr           N/A          43%         1    ##.....
 Apportation              Tloc           #.....       43%         1    ##.....
 Corona                   Hex            #......      43%         1    ##.....
 Foxfire                  Conj/Fire      #...         43%         1    ##.....
 Freeze                   Ice            #...         43%         1    ##.....
 Infusion                 Chrm           #...         43%         1    ##.....
 Pain                     Necr           #...         43%         1    ##.....
 Shock                    Conj/Air       #...         43%         1    ##.....
 Summon Butterflies       Summ           #.......     43%         1    ##.....
 Summon Small Mammal      Summ           #...         43%         1    ##.....
 Blink                    Tloc           N/A          56%         2    ###....
 Call Imp                 Summ           #.......     56%         2    ###....
 Corpse Rot               Necr/Air       N/A          56%         2    ###....
 Ensorcelled Hibernation  Hex/Ice        #.....       56%         2    ###....
 Shroud of Golubria       Chrm/Tloc      #.....       56%         2    ###....
 Slow                     Hex            #.......     56%         2    ###....
 Song of Slaying          Chrm           #.......     56%         2    ###....
 Sublimation of Blood     Necr           #.........   56%         2    ###....
 Swiftness                Chrm/Air       #.......     56%         2    ###....
 Stone Arrow              Conj/Erth      #.....       58%         3    ####...
 Ignite Poison            Fire/Tmut/Pois #.......     77%         3    ####...
 Spider Form              Tmut/Pois      #.........   77%         3    ####...
 Call Canine Familiar     Summ           #.......     80%         3    ####...
 Confusing Touch          Hex            #.......     80%         3    ####...
 Conjure Flame            Conj/Fire      #.......     80%         3    ####...
 Dazzling Flash           Conj/Hex       #.....       80%         3    ####...
 Frozen Ramparts          Ice            #.....       80%         3    ####...
 Gell's Gravitas          Tloc           #.........   80%         3    ####...
 Inner Flame              Hex/Fire       #.......     80%         3    ####...
 Lesser Beckoning         Tloc           #.........   80%         3    ####...
 Ozocubu's Armour         Chrm/Ice       #.......     80%         3    ####...
 Portal Projectile        Hex/Tloc       #.....       80%         3    ####...
 Recall                   Summ/Tloc      N/A          80%         3    ####...
 Spectral Weapon          Hex/Chrm       #.......     80%         3    ####...
 Static Discharge         Conj/Air       #.......     80%         3    ####...
 Summon Guardian Golem    Hex/Summ       #.......     80%         3    ####...
 Teleport Other           Tloc           #.......     80%         3    ####...
 Tukima's Dance           Hex            #.......     80%         3    ####...
 Vampiric Draining        Necr           #.........   80%         3    ####...
 Petrify                  Tmut/Erth      #.......     91%         4    #####..
 Leda's Liquefaction      Hex/Erth       #.........   94%         4    #####..
 Lee's Rapid Deconstruct  Erth           #.........   98%         5    ######.
 Animate Dead             Necr           N/A          99%         4    #####..
 Cause Fear               Hex            #.........   99%         4    #####..
 Hailstorm                Conj/Ice       #.......     99%         4    #####..
 Ice Form                 Ice/Tmut       #.......     99%         4    #####..
 Passage of Golubria      Tloc           N/A          99%         4    #####..
 Sticky Flame             Conj/Fire      #.......     99%         4    #####..
 Summon Ice Beast         Ice/Summ       #.......     99%         4    #####..
 Summon Lightning Spire   Summ/Air       #.......     99%         4    #####..
 Agony                    Necr           #.......     100%        5    ######.
 Alistair's Intoxication  Tmut/Pois      #.......     100%        5    ######.
 Borgnjor's Vile Clutch   Necr/Erth      #.........   100%        5    ######.
 Fireball                 Conj/Fire      #.........   100%        5    ######.
 Irradiate                Conj/Tmut      #.........   100%        5    ######.
 Lightning Bolt           Conj/Air       #.........   100%        5    ######.
 Metabolic Englaciation   Hex/Ice        #.........   100%        5    ######.
 Silence                  Hex/Air        #.........   100%        5    ######.
 Summon Forest            Summ/Tloc      #.........   100%        5    ######.
 Summon Mana Viper        Hex/Summ       #.......     100%        5    ######.
 Yara's Violent Unravell  Hex/Tmut       #.........   100%        5    ######.
 Conjure Ball Lightning   Conj/Air       #.........   100%        6    #######
 Darkness                 Hex            #.........   100%        6    #######
 Death Channel            Necr           #.........   100%        6    #######
 Dispersal                Tloc           #.........   100%        6    #######
 Eringya's Noxious Bog    Tmut/Pois      #.........   100%        6    #######
 Freezing Cloud           Conj/Ice/Air   #.........   100%        6    #######
 Hydra Form               Tmut           #.........   100%        6    #######
 Invisibility             Hex            #.......     100%        6    #######
 Ozocubu's Refrigeration  Ice            #.........   100%        6    #######
 Shadow Creatures         Summ           N/A          100%        6    #######
 Simulacrum               Ice/Necr       #.........   100%        6    #######
 Starburst                Conj/Fire      #.........   100%        6    #######
 Orb of Destruction       Conj           #.........   100%        7    #######
 Ring of Flames           Chrm/Fire      #.........   100%        7    #######
 Summon Hydra             Summ           #.........   100%        7    #######
 Chain Lightning          Conj/Air       #.........   100%        8    #######
 Controlled Blink         Tloc           N/A          100%        8    #######
 Disjunction              Tloc           #.........   100%        8    #######
 Ignition                 Fire           #.........   100%        8    #######
 Lehudib's Crystal Spear  Conj/Erth      #.........   100%        8    #######
 Absolute Zero            Ice            #.........   100%        9    #######
 Fire Storm               Conj/Fire      #.........   100%        9    #######
 Shatter                  Erth           #.........   100%        9    #######
 Tornado                  Air            #.........   100%        9    #######


Dungeon Overview and Level Annotations

Branches:
Dungeon (15/15)            Temple (1/1) D:4            Lair (6/6) D:8
 Shoals (4/4) Lair:3       Spider (4/4) Lair:2        Slime (5/5) Lair:6
    Orc (2/2) D:10            Elf (3/3) Orc:2        Vaults (4/5) D:14
  Crypt (0/3) Vaults:3     Depths (5/5) D:15            Zot (5/5) Depths:5
Gauntlet (visited)

Altars:
Ashenzari
Cheibriados
Dithmenos
Elyvilon
Fedhas
Gozag
Hepliaklqana
Kikubaaqudgha
Makhleb
Nemelex Xobeh
Okawaru
Qazlal
Ru
Sif Muna
Trog
Uskayaw
Vehumet
Wu Jian
Xom
Yredelemnul
Zin
The Shining One
Beogh
Jiyva

Shops:
D:10 (   D:12 *   Orc:2 [*:(   Elf:1 %   Elf:3 %   Vaults:2 (   Vaults:3 *
Depths:2 *(?[

Portals:
Hell: Depths:1 Depths:2 Depths:3 Depths:4 Depths:5
Abyss: Depths:1 Depths:4 Depths:5
Pandemonium: Depths:3 Depths:5

Annotations:
D:2 1 runed translucent door, Crazy Yiuf
Lair:2 1 runed translucent door, Pechyafi's ghost, journeyman DDEE
Lair:6 exclusion: 3 doors
Orc:2 2 runed translucent doors, CannibalFerox's ghost, journeyman HOFi
Elf:1 6 runed translucent doors
Depths:4 1 transporter
Zot:2 exclusion: upstairs
Zot:3 exclusion: 2 upstairs
Zot:5 exclusion: upstairs


Innate Abilities, Weirdness & Mutations

You have sharp toenails.
Scrolls take you a little longer to read.
You are clumsy. (Dex -2)
Your body sometimes deteriorates upon taking damage.
You are very dopey. (Int -4)
Your magical capacity is very low. (-20% MP)
You are resistant to hostile enchantments. (MR+)
You occasionally shout uncontrollably at your foes.
You do not regenerate when monsters are visible.
You are very weak. (Str -4)
Your movements are slightly less encumbered by armour. (ER -2)


Message History

[Y]es or [N]o only, please.
Your blink will be uncontrolled - continue anyway?
Really read with blurry vision while enemies are nearby?
Okay, then.
Your blink will be uncontrolled - continue anyway?
Really read with blurry vision while enemies are nearby?
The Orb Guardian hits you!!
* * * LOW HITPOINT WARNING * * *
The Orb Guardian hits you!!
* * * LOW HITPOINT WARNING * * *
The Orb Guardian hits you.
* * * LOW HITPOINT WARNING * * *
The Orb Guardian hits you but does no damage.
You begin reading the scroll.
You continue reading the scroll.
The Orb Guardian hits you but does no damage.
The Orb Guardian hits you.
* * * LOW HITPOINT WARNING * * *
The Orb Guardian hits you but does no damage. x3
The Orb Guardian hits you!
You die...

▓▓▓▓▓▓▓▓▓▓▓▓▓▓▓
▓▓▓.............▓▓▓▓
...................▓▓▓
.....................▓▓
..............).......▓ *********
................XX....▓**,^,,,,,*
.....)..........@XX...▓*,,,,,,,,,
................XXX.X.▓,,,,,,,,^,
▓....../.........X.....p,,,,,^^,,
......................▓=^,,,,,,,,
.^....................▓*,,,,,,,,,
....................^.▓**,,,,,,,*
.........^............# *********
^........^...........##
.^.................▓#*


You could see a Killer Klown and 9 Orb Guardians.

Vanquished Creatures
  the Royal Jelly (Slime:5)
  2 ancient liches (Zot:5)
  4 orbs of fire
  Tiamat (Zot:3)
  A juggernaut (Depths:3)
  Sojobo (Depths:4)
  2 Killer Klowns (Zot:5)
  The ghost of corvin the Brawler, a veteran TrBe of Trog (Vaults:1)
  Bai Suzhen (Depths:2)
  A shard shrike (Zot:1)
  Saint Roka (Vaults:1)
  2 caustic shrikes (Depths:1)
  A curse toe (Zot:5)
  8 golden dragons
  the Enchantress (Depths:4)
  2 liches
  2 electric golems
  Arachne (Spider:4)
  14 tentacled monstrosities
  12 Orb Guardians (Zot:5)
  2 deep elf blademasters (Elf:3)
  Asterion (Elf:2)
  5 quicksilver dragons
  2 deep elf master archers (Elf:3)
  A tentacled starspawn (Abyss:3)
  7 sphinxes
  22 acid blobs
  5 death cobs
  A kraken (Shoals:2)
  A titan (Depths:3)
  Gastronok (Orc:1)
  Polyphemus (Shoals:4)
  7 shadow dragons
  7 tengu reavers
  A draconian monk (Depths:4)
  Donald (Shoals:4)
  8 storm dragons
  Ilsuiw (Shoals:4)
  10 frost giants
  7 azure jellies
  The ghost of robotcentaur the Nimble, an adept TeNe of Gozag (Spider:2)
  9 deep elf sorcerers
  7 fire giants
  A ghost moth (shapeshifter) (D:15)
  8 draconian knights
  6 draconian scorchers
  2 orc warlords
  16 vault wardens
  9 emperor scorpions
  A balrug (Abyss:3)
  An iron dragon (Depths:3)
  Louise (Shoals:3)
  6 ghost moths
  2 draconian stormcallers (Zot:5)
  Aizul (Lair:2)
  9 ironheart preservers
  7 deep elf elementalists
  The ghost of Potutehi the Blocker, a journeyman DDFi of Makhleb (Orc:1)
  8 draconian shifters
  2 draconian annihilators
  7 spriggan defenders
  32 very ugly things
  2 green draconians (Zot:3)
  22 stone giants
  4 deep elf demonologists
  5 vampire knights
  4 entropy weavers
  10 black draconians
  10 yellow draconians
  12 purple draconians
  7 white draconians
  12 deep elf annihilators
  10 red draconians
  10 spark wasps
  A blizzard demon (Abyss:3)
  12 ettins
  6 merfolk javelineers (Shoals:4)
  15 fire dragons
  5 deep elf death magi (Elf:3)
  17 yaktaur captains
  A monstrous demonspawn (Depths:5)
  10 death oozes (Slime:5)
  19 great orbs of eyes
  A hell beast (Depths:5)
  4 merfolk impalers
  3 deep elf high priests
  4 spriggan air magi
  8 ice dragons
  9 hydras
  5 rakshasas
  11 vault guards
  3 catoblepae
  An alligator snapping turtle (Shoals:3)
  3 merfolk avatars
  2 death knights
  11 centaur warriors
  13 ogre magi
  A queen ant (Spider:3)
  25 dancing weapons
  15 deep troll shamans
  9 merfolk aquamancers (Shoals:4)
  3 thrashing horrors (Abyss:2)
  37 two-headed ogres
  8 tengu warriors
  4 deep troll earth magi
  2 vampire magi
  6 death yaks
  6 orc high priests
  A spriggan berserker (Depths:4)
  A shock serpent (shapeshifter) (Vaults:2)
  Nergalle (Orc:2)
  Sonja (D:12)
  23 deep elf knights
  A sun demon (Abyss:3)
  A fire crab (D:15)
  3 sixfirhies
  2 shadow wraiths (Vaults:1)
  3 iron trolls
  6 skeletal warriors
  7 hell knights
  A sea snake (shapeshifter) (Depths:3)
  4 unseen horrors
  27 deep trolls
  A flayed ghost (Vaults:1)
  A death drake (shapeshifter) (Depths:3)
  3 storm dragon skeletons
  21 deep elf archers
  13 sea snakes
  2 glowing orange brains
  3 phantasmal warriors
  A spatial maelstrom (Abyss:3)
  14 ironbrand convokers
  2 wizards
  27 harpies
  A lindwurm (shapeshifter) (Depths:2)
  6 necromancers
  25 orc knights
  19 orb spiders
  20 wolf spiders
  71 deep elf magi
  57 ugly things
  7 orc sorcerers
  4 shining eyes
  A worldbinder (Abyss:2)
  A moth of wrath (shapeshifter) (Vaults:2)
  19 manticores
  A manticore (shapeshifter) (Depths:3)
  8 elephants (Lair:6)
  14 cyclopes
  5 fauns
  21 moths of wrath
  5 black mambas
  3 eyes of devastation (shapeshifter)
  A spectral centaur (D:12)
  A stone giant skeleton (Vaults:3)
  13 merfolk sirens
  A guardian serpent (shapeshifter) (Depths:5)
  14 vault sentinels
  7 water nymphs
  A frost giant skeleton (Vaults:2)
  3 eyes of devastation
  A gargoyle (D:12)
  7 spiny frogs
  A fire giant skeleton (Vaults:3)
  An apocalypse crab (Abyss:3)
  2 titan simulacra (Vaults:4)
  4 large abominations
  A smoke demon (Abyss:2)
  A spiny frog (shapeshifter) (Depths:1)
  64 yaktaurs
  8 komodo dragons
  8 freezing wraiths
  2 hellwings (Depths:5)
  3 kobold demonologists
  A yaktaur skeleton (Vaults:2)
  An efreet (Abyss:3)
  3 ancient zymes
  5 tengu conjurers
  2 komodo dragons (shapeshifter)
  18 demonic crawlers
  A jumping spider (shapeshifter) (Vaults:3)
  6 trolls
  3 tyrant leeches (Abyss:2)
  27 jumping spiders
  6 meliai
  2 red devils (Abyss:3)
  29 merfolk
  2 polar bears
  2 polar bears (shapeshifter)
  3 wind drakes
  A fire dragon zombie (Zig:1)
  19 hornets
  16 hippogriffs
  12 raiju
  A snapping turtle (shapeshifter) (Depths:3)
  4 blink frogs (Lair:4)
  A raiju (shapeshifter) (Vaults:3)
  80 slime creatures
  2 dream sheep (D:8)
  12 snapping turtles
  2 air elementals
  14 spriggans
  15 water elementals
  43 redbacks
  2 ettin skeletons
  2 shadows
  2 wyverns
  A ynoxinul (Abyss:3)
  49 yaks
  17 tarantellas
  A spriggan (shapeshifter) (Elf:1)
  3 tarantellas (shapeshifter)
  11 basilisks
  2 fire elementals
  2 hogs (shapeshifter)
  2 wraiths
  A golden eye (shapeshifter) (Vaults:2)
  5 golden eyes
  A neqoxec (Abyss:2)
  2 hungry ghosts
  9 wargs
  2 soldier ants
  6 acid dragons
  A naga (shapeshifter) (Vaults:1)
  17 water moccasins
  2 hydra simulacra (Zot:1)
  9 hell hounds
  10 porcupines
  A floating eye (Slime:5)
  5 ice beasts
  4 black bears
  A human zombie (Vaults:2)
  6 sky beasts
  3 eyes of draining
  53 orc warriors
  A black bear (shapeshifter) (D:15)
  4 phantoms
  25 ogres
  5 boggarts
  16 wolves
  19 centaurs
  An elf skeleton (Vaults:3)
  11 human skeletons
  11 crocodiles
  7 big kobolds
  9 earth elementals
  23 bullfrogs
  A wyvern zombie (D:13)
  4 small abominations
  A wyvern skeleton (D:12)
  4 scorpions
  4 human simulacra
  18 wights
  2 howler monkeys
  55 killer bees
  5 electric eels
  3 bullfrog zombies
  4 crimson imps
  2 quasits
  4 centaur zombies
  3 bullfrog skeletons
  8 centaur skeletons
  3 hounds
  17 orc priests
  4 jellies
  34 orc wizards
  3 iron imps
  Jessica (D:2)
  7 iguanas
  17 worker ants
  A killer bee zombie (D:7)
  2 hound skeletons
  Robin (D:2)
  3 gnolls (D:2)
  2 howler monkey skeletons
  15 adders
  2 shadow imps
  A white imp (Abyss:3)
  An adder skeleton (D:8)
  An adder zombie (D:7)
  A worm (D:9)
  2 dart slugs (D:4)
  8 leopard geckos
  88 orcs
  4 giant cockroaches
  9 hobgoblins
  10 jackals
  A quokka (D:12)
  A ball python (D:3)
  10 bats
  6 frilled lizards
  15 goblins
  20 kobolds
  2 leopard gecko skeletons
  4 rats
  5 fungi
  20 plants
  3 starspawn tentacles (Abyss:3)
  3 tentacles (Shoals:2)
  A withered plant (Shoals:2)
2420 creatures vanquished.

Vanquished Creatures (collateral kills)
  A great orb of eyes (D:15)
  A hydra (D:15)
  A black mamba (Lair:6)
  A centaur (D:15)
  A hornet simulacrum (D:15)
  A crimson imp (D:15)
6 creatures vanquished.

Vanquished Creatures (others)
  A fire giant (Depths:1)
  A yellow draconian (Depths:5)
  A dancing weapon (Elf:1)
  A deep elf mage (Elf:3)
  A demonic crawler (Spider:1)
  A polar bear (Vaults:4)
  A chaos spawn (Abyss:3)
  A boggart (Depths:4)
  An ogre (Depths:4)
  7 orcs (Elf:1)
  5 fungi
  A lurking horror (Abyss:2)
  35 plants
  A starspawn tentacle (Abyss:3)
  5 tentacles (Shoals:2)
  3 withered plants (Gauntlet)
66 creatures vanquished.

Grand Total: 2492 creatures vanquished

Notes
Turn   | Place    | Note
-------+----------+-------------------------------------------
     0 | D:1      | HungrySpirit the Hill Orc Earth Elementalist began the
                  | quest for the Orb.
     0 | D:1      | Reached XP level 1. HP: 14/14 MP: 3/3
    78 | D:1      | Reached skill level 1 in Fighting
   195 | D:1      | Reached XP level 2. HP: 21/24 MP: 4/4
   301 | D:1      | Reached skill level 2 in Fighting
   658 | D:1      | Reached skill level 1 in Maces & Flails
   979 | D:1      | Reached XP level 3. HP: 28/30 MP: 3/5
  1967 | D:2      | Reached skill level 3 in Fighting
  1967 | D:2      | Reached XP level 4. HP: 11/38 MP: 1/6
  2371 | D:2      | Found a runed translucent door.
  2372 | D:2      | Noticed Crazy Yiuf
  2472 | D:2      | Noticed Robin
  2515 | D:2      | Killed Robin
  2623 | D:2      | Reached XP level 5. HP: 34/46 MP: 1/7
  2637 | D:2      | Reached skill level 4 in Fighting
  2995 | D:2      | Noticed Jessica
  2998 | D:2      | Killed Jessica
  3516 | D:3      | Reached skill level 1 in Axes
  3516 | D:3      | Reached XP level 6. HP: 48/53 MP: 4/8
  3552 | D:3      | Reached skill level 1 in Armour
  3676 | D:3      | Reached skill level 5 in Fighting
  4054 | D:3      | Found a shimmering altar of Xom.
  4205 | D:4      | Noticed a phantom
  4261 | D:4      | Killed a phantom
  4476 | D:4      | Found a staircase to the Ecumenical Temple.
  4484 | Temple   | Entered the Ecumenical Temple
  4503 | Temple   | Became a worshipper of Warmaster Okawaru
  4555 | D:3      | Reached XP level 7. HP: 45/61 MP: 9/9
  4885 | D:4      | Reached skill level 5 in Axes
  5225 | D:4      | Found a radiant altar of Vehumet.
  5307 | D:5      | Entered Level 5 of the Dungeon
  5307 | D:5      | Noticed a yak
  5307 | D:5      | Noticed a yak
  5307 | D:5      | Noticed a yak
  5307 | D:5      | Noticed a yak
  5307 | D:5      | Noticed a yak
  5307 | D:5      | Noticed a yak
  5799 | D:5      | Reached * piety under Okawaru
  5799 | D:5      | Reached skill level 6 in Fighting
  6137 | D:4      | Killed a yak
  6137 | D:4      | Reached XP level 8. HP: 45/71 MP: 8/10
  6159 | D:4      | HP: 2/71 [yak (14)]
  6640 | D:4      | Killed a yak
  6828 | D:5      | Killed a yak
  6828 | D:5      | Killed a yak
  6828 | D:5      | Reached skill level 7 in Fighting
  6830 | D:5      | Killed a yak
  6830 | D:5      | Reached ** piety under Okawaru
  7148 | D:5      | Found an ornate altar of the Wu Jian Council.
  7272 | D:5      | HP: 2/73 [yak (6)]
  8293 | D:6      | Reached skill level 5 in Armour
  8293 | D:6      | Reached XP level 9. HP: 43/79 MP: 8/11
  9263 | D:7      | Found Zin's Purification Station.
  9266 | D:7      | Found a glowing silver altar of Zin.
  9269 | D:7      | Bought a potion of curing for 90 gold pieces
  9469 | D:7      | Noticed a hornet
  9475 | D:7      | Paralysed by a hornet for 3 turns
  9485 | D:7      | Killed a hornet
  9485 | D:7      | Reached skill level 8 in Fighting
  9485 | D:7      | Reached skill level 10 in Axes
 10533 | D:8      | Noticed a death yak
 10536 | D:8      | Noticed a death yak
 10536 | D:8      | Noticed a death yak
 10960 | D:9      | Reached *** piety under Okawaru
 10980 | D:9      | Reached skill level 9 in Fighting
 10980 | D:9      | Reached XP level 10. HP: 76/91 MP: 12/12
 11366 | D:9      | Reached skill level 1 in Polearms
 11691 | D:9      | Found a snail-covered altar of Cheibriados.
 11793 | D:10     | Entered Level 10 of the Dungeon
 11803 | D:10     | Found a staircase to the Orcish Mines.
 12299 | D:10     | Found Yqimiqor's Antique Weapon Shoppe.
 12930 | D:10     | Received a gift from Okawaru
 13146 | D:10     | Reached **** piety under Okawaru
 13192 | D:10     | Noticed a centaur warrior
 13193 | D:10     | Noticed a manticore
 13206 | D:10     | Killed a manticore
 13206 | D:10     | Reached skill level 5 in Polearms
 13215 | D:10     | Killed a centaur warrior
 13215 | D:10     | Reached skill level 10 in Fighting
 13383 | D:10     | Reached XP level 11. HP: 73/99 MP: 11/13
 13512 | D:10     | Noticed a two-headed ogre
 13751 | D:10     | Killed a two-headed ogre
 13751 | D:10     | Reached ***** piety under Okawaru
 14392 | D:11     | Noticed a cyclops
 15097 | D:11     | Killed an unseen horror
 16561 | D:11     | Killed a cyclops
 16849 | D:8      | Received a gift from Okawaru
 17014 | D:7      | Killed a death yak
 17014 | D:7      | Reached skill level 1 in Shields
 17385 | D:6      | Reached skill level 11 in Fighting
 17594 | D:8      | Found a staircase to the Lair.
 17730 | D:8      | Noticed a two-headed ogre
 17749 | D:8      | Killed a two-headed ogre
 17982 | D:8      | Found a shimmering blue altar of Sif Muna.
 17982 | D:8      | Found a sacrificial altar of Ru.
 18160 | D:8      | Reached XP level 12. HP: 94/110 MP: 12/14
 18265 | D:8      | Noticed a two-headed hydra
 18311 | D:8      | Killed a two-headed hydra
 18537 | D:7      | Killed a death yak
 18537 | D:7      | Reached skill level 5 in Dodging
 19087 | Lair:1   | Entered Level 1 of the Lair of Beasts
 20701 | Lair:1   | Reached skill level 10 in Armour
 21485 | Lair:2   | Got an encrusted flail
 21490 | Lair:2   | Identified the +6 flail "Hemigaoseg" {protect, Int+4} (You
                  | found it on level 2 of the Lair of Beasts)
 21712 | Lair:2   | Reached skill level 12 in Fighting
 21991 | Lair:2   | Reached XP level 13. HP: 97/118 MP: 15/15
 22067 | Lair:2   | Found a hole to the Spider Nest.
 22145 | Lair:2   | Received a gift from Okawaru
 22423 | Lair:2   | Reached skill level 5 in Shields
 22967 | Lair:2   | Found a runed translucent door.
 22967 | Lair:2   | Noticed Pechyafi's ghost (journeyman DDEE)
 24722 | Lair:3   | Found a staircase to the Shoals.
 24733 | Lair:3   | Reached skill level 15 in Axes
 26131 | Lair:4   | You fall into a shaft and drop 2 floors!
 26131 | Lair:6   | Entered Level 6 of the Lair of Beasts
 27153 | Lair:4   | Reached skill level 13 in Fighting
 28082 | Lair:6   | Received a gift from Okawaru
 28088 | Lair:6   | Got a distressingly furry scale mail {god gift}
 28089 | Lair:6   | Identified the +1 scale mail of Whack-A-Mole {rN+ Dex+2}
                  | (Okawaru gifted it to you on level 6 of the Lair of Beasts)
 28618 | Lair:6   | Reached XP level 14. HP: 111/129 MP: 16/16
 29157 | Lair:6   | Found a staircase to the Slime Pits.
 29313 | Lair:6   | Reached skill level 1 in Invocations
 30095 | Orc:1    | Entered Level 1 of the Orcish Mines
 30536 | Orc:1    | Found a roughly hewn altar of Beogh.
 30605 | Orc:1    | Noticed Gastronok
 30631 | Orc:1    | Killed Gastronok
 31350 | Orc:1    | Found a transporter.
 31350 | Orc:1    | Found a transporter.
 31355 | Orc:1    | Identified the +3 dire flail of Saltpetre {vamp, *Corrode
                  | rElec MR+++ Int-4}
 31366 | Orc:1    | Noticed Potutehi's ghost (journeyman DDFi)
 31369 | Orc:1    | Found a bloodstained altar of Trog.
 31602 | Orc:2    | Entered Level 2 of the Orcish Mines
 32072 | Orc:2    | Found a staircase to the Elven Halls.
 32080 | Orc:2    | Found a large runed translucent door.
 32087 | Orc:2    | Found a large runed translucent door.
 32089 | Orc:2    | Noticed CannibalFerox's ghost (journeyman HOFi)
 32116 | Orc:2    | Found a bloodstained altar of Trog.
 32278 | Orc:2    | Received a gift from Okawaru
 32772 | Orc:2    | Noticed Nergalle
 32800 | Orc:2    | Killed Nergalle
 32800 | Orc:2    | Reached skill level 14 in Fighting
 32930 | Orc:2    | Noticed an orc warlord
 32962 | Orc:2    | Killed an orc warlord
 32962 | Orc:2    | Reached ****** piety under Okawaru
 32962 | Orc:2    | Received a gift from Okawaru
 33358 | Orc:2    | Found a roughly hewn altar of Beogh.
 33504 | Orc:2    | Reached skill level 5 in Invocations
 33642 | Orc:2    | Found an iron altar of Okawaru.
 33670 | Orc:2    | Found Rythret's Book Shoppe.
 33686 | Orc:2    | Found Qusi's Antique Weapon Shoppe.
 33756 | Orc:2    | Found Varoecis's Antique Armour Shoppe.
 33771 | Orc:2    | Found Gaic's General Store.
 33778 | Orc:2    | Bought a potion of magic for 112 gold pieces
 33778 | Orc:2    | Bought a scroll of enchant weapon for 105 gold pieces
 33778 | Orc:2    | Bought a +0 broad axe for 56 gold pieces
 33794 | Orc:2    | Bought a pair of glowing boots for 195 gold pieces
 34027 | D:12     | Found Dusogiux's General Store.
 34030 | D:12     | Bought a potion of cancellation for 104 gold pieces
 34030 | D:12     | Bought a scroll of magic mapping for 45 gold pieces
 34034 | D:12     | Found a gate leading to a gauntlet.
 34056 | Gauntlet | Entered a Gauntlet
 34056 | Gauntlet | Found a transporter.
 34060 | Gauntlet | Found a transporter.
 34076 | Gauntlet | Found a transporter.
 34080 | Gauntlet | Found a transporter.
 34101 | Gauntlet | Found a transporter.
 34121 | Gauntlet | Found a transporter.
 34125 | Gauntlet | Found a transporter.
 34138 | Gauntlet | Found a transporter.
 34144 | Gauntlet | Found a large runed translucent door.
 34144 | Gauntlet | Found a large runed translucent door.
 34145 | Gauntlet | Found a large runed translucent door.
 34146 | Gauntlet | Found a large runed translucent door.
 34147 | Gauntlet | Found a runed translucent gate.
 34148 | Gauntlet | Found a transporter.
 34148 | Gauntlet | Found a runed translucent gate.
 34149 | Gauntlet | Found a runed translucent gate.
 34151 | Gauntlet | Found a large runed translucent door.
 34152 | Gauntlet | Found a large runed translucent door.
 34163 | Gauntlet | Found a large runed translucent door.
 34164 | Gauntlet | Found a large runed translucent door.
 34165 | Gauntlet | Found a large runed translucent door.
 34165 | Gauntlet | Found a large runed translucent door.
 34165 | Gauntlet | Found a runed translucent door.
 34166 | Gauntlet | Found a large runed translucent door.
 34167 | Gauntlet | Found a large runed translucent door.
 34175 | Gauntlet | Found a transporter.
 34175 | Gauntlet | Found a transporter.
 34181 | Gauntlet | Found a transporter.
 34218 | Gauntlet | Found a large runed translucent door.
 34219 | Gauntlet | Found a large runed translucent door.
 34220 | Gauntlet | Found a large runed translucent door.
 34220 | Gauntlet | Found a runed translucent door.
 34221 | Gauntlet | Found a large runed translucent door.
 34549 | Gauntlet | Got a pair of smoking gloves
 34677 | Gauntlet | Identified the +0 pair of gloves "Exzudiapp" {Harm *Drain
                  | rN+ Str+3} (You found it in a Gauntlet)
 34686 | Gauntlet | Got a fading hat
 34717 | Gauntlet | Got a bound turquoise ring
 34733 | D:12     | Found a sacrificial altar of Ru.
 34751 | D:12     | Identified the cursed +0 hat of the Harvest {rPois Str+4}
                  | (You found it in a Gauntlet)
 34763 | D:12     | Identified the ring of Neurosis {rF++ Str+4 Int-4 SInv
                  | Stlth+} (You found it in a Gauntlet)
 34769 | D:12     | Identified a scroll of acquirement
 34894 | D:12     | Noticed Sonja
 34899 | D:12     | Killed Sonja
 35261 | D:12     | Received a gift from Okawaru
 35631 | D:13     | Reached XP level 15. HP: 112/139 MP: 18/18
 37685 | D:14     | Found a gate to the Vaults.
 37756 | D:15     | Entered Level 15 of the Dungeon
 38225 | Spider:1 | Entered Level 1 of the Spider Nest
 38225 | Spider:1 | Noticed Aizul
 38227 | Spider:1 | Noticed an emperor scorpion
 38369 | Shoals:1 | Entered Level 1 of the Shoals
 39931 | Shoals:1 | Received a gift from Okawaru
 39947 | Shoals:1 | Got a dazzling hat {god gift}
 40056 | Shoals:1 | Identified the +2 hat of the Gloaming {Harm Str+4 Dex+4}
                  | (Okawaru gifted it to you on level 1 of the Shoals)
 40540 | Shoals:2 | Reached skill level 15 in Fighting
 41982 | D:15     | Found an opulent altar of Gozag.
 41983 | D:15     | Found an opulent altar of Gozag.
 41983 | D:15     | Found a sparkling altar of Nemelex Xobeh.
 42293 | D:15     | Found a staircase to the Depths.
 42396 | D:15     | Reached XP level 16. HP: 145/149 MP: 21/21
 42619 | D:15     | Noticed a storm dragon
 42619 | D:15     | a queen ant changed into a storm dragon
 43587 | D:15     | Received a gift from Okawaru
 45387 | D:15     | Noticed a tengu reaver
 45413 | D:15     | Killed a tengu reaver
 45462 | D:15     | Got a masterwork scale mail
 45503 | D:15     | Identified the +1 scale mail of the Unseen Realm {rC+
                  | Dex+4} (You found it on level 15 of the Dungeon)
 45638 | D:15     | Noticed a sphinx
 45658 | D:15     | Killed a sphinx
 45682 | D:15     | Reached skill level 1 in Evocations
 46195 | Elf:1    | Entered Level 1 of the Elven Halls
 46641 | Elf:1    | Reached skill level 16 in Fighting
 47369 | Elf:1    | Received a gift from Okawaru
 47812 | Orc:2    | Reached XP level 17. HP: 154/158 MP: 23/23
 48091 | Elf:1    | Noticed a sphinx
 48092 | Elf:1    | Noticed a sphinx
 48627 | Depths:1 | Entered Level 1 of the Depths
 49444 | Lair:2   | Killed Aizul
 51144 | Spider:1 | Received a gift from Okawaru
 51189 | Spider:1 | Got a transparent cloak {god gift}
 51190 | Spider:1 | Identified the +2 cloak of an ice cave {rF++ SInv} (Okawaru
                  | gifted it to you on level 1 of the Spider Nest)
 52010 | Spider:2 | Noticed robotcentaur's ghost (adept TeNe)
 52025 | Spider:2 | Found a transporter.
 52117 | Spider:2 | Found a transporter.
 52760 | Spider:2 | Reached skill level 5 in Evocations
 52994 | Spider:3 | Reached skill level 15 in Armour
 53639 | Spider:4 | Entered Level 4 of the Spider Nest
 54361 | Spider:4 | Noticed Arachne
 54387 | Spider:4 | Killed Arachne
 54387 | Spider:4 | Reached XP level 18. HP: 145/168 MP: 20/24
 54430 | Spider:4 | Received a gift from Okawaru
 54430 | Spider:4 | Reached skill level 17 in Fighting
 55690 | Spider:4 | Received a gift from Okawaru
 55748 | Spider:4 | Got heavily runed acid dragon scales {god gift}
 55749 | Spider:4 | Identified the +7 acid dragon scales of Noughts and Crosses
                  | {rC+ rCorr Int-5 Dex+3 Slay+2} (Okawaru gifted it to you on
                  | level 4 of the Spider Nest)
 56072 | Spider:4 | Got a gossamer rune of Zot
 56816 | Vaults:1 | Entered Level 1 of the Vaults
 56925 | Vaults:1 | Reached skill level 10 in Dodging
 57833 | D:14     | Paralysed by an ogre mage for 6 turns
 58443 | Vaults:1 | Reached XP level 19. HP: 121/179 MP: 25/25
 58693 | Vaults:1 | Found a runed translucent gate.
 58693 | Vaults:1 | Found a runed translucent gate.
 58693 | Vaults:1 | Found a runed translucent gate.
 58693 | Vaults:1 | Noticed corvin's ghost (veteran TrBe)
 58694 | Vaults:1 | Identified the cursed +1 executioner's axe of the
                  | Unspeakable One {distort, Int-4 Dex+7}
 58702 | Vaults:1 | Found a roughly hewn altar of Beogh.
 58902 | Vaults:1 | Noticed Saint Roka
 58931 | Vaults:1 | Killed Saint Roka
 58931 | Vaults:1 | Received a gift from Okawaru
 58951 | Vaults:1 | Got a warped battleaxe {god gift}
 58977 | Vaults:1 | Identified the +7 battleaxe "Xojuasch" {vamp, rF+ Str-2
                  | Dex+3} (Okawaru gifted it to you on level 1 of the Vaults)
 59546 | Vaults:1 | Reached skill level 18 in Fighting
 60139 | Vaults:1 | Cast into level 3 of the Abyss (orc warlord)
 60139 | Abyss:3  | Found a corrupted altar of Lugonu.
 60177 | Abyss:3  | Found a corrupted altar of Lugonu.
 60389 | Abyss:3  | Received a gift from Okawaru
 60582 | Vaults:1 | Escaped the Abyss
 61730 | Vaults:2 | Found a shadowy altar of Dithmenos.
 62003 | Vaults:2 | Received a gift from Okawaru
 62009 | Vaults:2 | Got a slimy scale mail {god gift}
 62010 | Vaults:2 | Identified the +6 scale mail "Voqakyne" {-Tele rF+ Regen+
                  | Dex+5} (Okawaru gifted it to you on level 2 of the Vaults)
 62837 | Vaults:2 | Reached XP level 20. HP: 130/189 MP: 24/26
 62849 | Vaults:2 | Found the +8 storm bow {elec, penet}
 63452 | Vaults:2 | Noticed a lich
 63459 | Vaults:2 | Paralysed by a lich for 3 turns
 63464 | Vaults:2 | Killed a lich
 63464 | Vaults:2 | Received a gift from Okawaru
 63483 | Vaults:2 | Identified the +1 battleaxe of Fillu {vorpal, rElec Str+2
                  | Int+4 Dex-3} (Okawaru gifted it to you on level 2 of the
                  | Vaults)
 63593 | Vaults:2 | Reached skill level 10 in Shields
 64612 | Vaults:2 | Found Inicizo's Antique Weapon Shop.
 64917 | Vaults:3 | Found a staircase to the Crypt.
 65144 | Vaults:3 | Reached skill level 19 in Fighting
 65219 | Vaults:3 | Received a gift from Okawaru
 65335 | Vaults:3 | Received a gift from Okawaru
 66559 | Vaults:3 | Found Inoroaps's General Store.
 66659 | Vaults:3 | Bought 3 scrolls of fear for 178 gold pieces
 67128 | Vaults:4 | Reached XP level 21. HP: 198/198 MP: 27/27
 67559 | Vaults:4 | Received a gift from Okawaru
 67567 | Vaults:4 | Cast into level 2 of the Abyss (a deep elf sorcerer)
 67624 | Abyss:2  | Got a fine halberd
 67637 | Abyss:2  | Identified the +10 halberd "Zathoiso" {protect, +Blink rC+
                  | Int+3} (You found it on level 2 of the Abyss)
 67648 | Abyss:2  | Gained mutation: You are weak. (Str -2) [a neqoxec]
 67655 | Abyss:2  | Gained mutation: You are dopey. (Int -2) [a neqoxec]
 67900 | Abyss:2  | Gained mutation: You are very dopey. (Int -4) [a shining
                  | eye]
 67904 | Abyss:2  | Gained mutation: You are clumsy. (Dex -2) [a shining eye]
 67917 | Vaults:4 | Escaped the Abyss
 68290 | Vaults:4 | Received a gift from Okawaru
 68293 | Vaults:4 | Got a jewelled chain mail {god gift}
 68294 | Vaults:4 | Identified the +3 chain mail of the Beggar {*Corrode *Slow
                  | +Blink rElec} (Okawaru gifted it to you on level 4 of the
                  | Vaults)
 69361 | Slime:1  | Entered Level 1 of the Pits of Slime
 69501 | Slime:1  | Reached skill level 20 in Fighting
 69532 | Slime:2  | Gained mutation: You do not regenerate when monsters are
                  | visible. [a shining eye]
 69533 | Slime:2  | Gained mutation: Your magical capacity is low. (-10% MP) [a
                  | shining eye]
 69534 | Slime:2  | Gained mutation: Your body sometimes deteriorates upon
                  | taking damage. [a shining eye]
 69544 | Slime:2  | Lost mutation: Your body sometimes deteriorates upon taking
                  | damage. [a shining eye]
 69681 | Slime:2  | Lost mutation: You are clumsy. (Dex -2) [potion of
                  | mutation]
 69681 | Slime:2  | Lost mutation: You are very dopey. (Int -4) [potion of
                  | mutation]
 69681 | Slime:2  | Gained mutation: Armour fits poorly on your strangely
                  | shaped body. [potion of mutation]
 69681 | Slime:2  | Gained mutation: You have sharp toenails. [potion of
                  | mutation]
 69681 | Slime:2  | Gained mutation: Your movements are slightly less
                  | encumbered by armour. (ER -2) [potion of mutation]
 70093 | Slime:5  | Entered Level 5 of the Pits of Slime
 70132 | Slime:5  | Reached XP level 22. HP: 179/209 MP: 25/25
 70240 | Slime:5  | Gained mutation: You are resistant to hostile enchantments.
                  | (MR+) [a shining eye]
 70245 | Slime:5  | Noticed the Royal Jelly
 70247 | Slime:5  | Gained mutation: You are very dopey. (Int -4) [a shining
                  | eye]
 70249 | Slime:5  | Gained mutation: You are very weak. (Str -4) [a shining
                  | eye]
 70257 | Slime:4  | Gained mutation: Scrolls take you a little longer to read.
                  | [a shining eye]
 70575 | Slime:5  | Found a viscous altar of Jiyva.
 70716 | Slime:5  | Found the +2 hood of the Assassin {Detection Stab+ Stlth++}
 71490 | Slime:5  | Killed the Royal Jelly
 71490 | Slime:5  | Received a gift from Okawaru
 71589 | Slime:5  | Got a slimy rune of Zot
 71607 | Slime:5  | Got an ancient emerald amulet
 71610 | Slime:5  | Identified the amulet of the Albatross {RegenMP Int+2} (You
                  | found it on level 5 of the Pits of Slime)
 71742 | Slime:2  | Gained mutation: Your magical capacity is very low. (-20%
                  | MP) [a shining eye]
 72812 | Depths:1 | Noticed a caustic shrike
 72812 | Depths:1 | an iron giant changed into a caustic shrike
 72816 | Depths:1 | a caustic shrike changed into a titan
 72819 | Depths:1 | Noticed a shard shrike
 72820 | Depths:1 | Noticed a juggernaut
 72820 | Depths:1 | a shard shrike changed into a juggernaut
 72830 | Depths:1 | a juggernaut changed into an acid blob
 72833 | Depths:1 | Noticed a caustic shrike
 72833 | Depths:1 | an acid blob changed into a caustic shrike
 73559 | Depths:1 | Noticed a caustic shrike
 74901 | Shoals:2 | Reached skill level 21 in Fighting
 75177 | Shoals:2 | Received a gift from Okawaru
 75959 | Shoals:4 | Entered Level 4 of the Shoals
 76034 | Shoals:4 | Reached XP level 23. HP: 203/220 MP: 23/23
 76310 | Shoals:4 | Identified the +0 pair of gloves "Untiuturr" {MR+ Regen+}
                  | (You found it on level 4 of the Shoals)
 76491 | Shoals:4 | Received a gift from Okawaru
 76507 | Shoals:4 | Identified the +0 chain mail of the Bells {rPois Str+3}
                  | (You found it on level 4 of the Shoals)
 76563 | Shoals:4 | Noticed Ilsuiw
 76623 | Shoals:4 | Killed Ilsuiw
 76834 | Shoals:4 | Noticed Donald
 76862 | Shoals:4 | Killed Donald
 77237 | Shoals:4 | Noticed Louise
 77312 | Shoals:3 | Killed Louise
 77488 | Shoals:4 | Noticed Polyphemus
 77608 | Shoals:4 | Killed Polyphemus
 77863 | Shoals:4 | Got a barnacled rune of Zot
 78808 | Elf:1    | Received a gift from Okawaru
 78844 | Elf:1    | Identified the +0 plate armour of Insatiable Hunger {+Inv
                  | rN+ Dex-2} (Okawaru gifted it to you on level 1 of the
                  | Elven Halls)
 78979 | Elf:1    | Found Ulup's Food Emporium.
 79132 | Elf:1    | Reached skill level 15 in Shields
 79150 | Elf:1    | Found a runed translucent gate.
 79150 | Elf:1    | Found a runed translucent gate.
 79150 | Elf:1    | Found a runed translucent gate.
 79150 | Elf:1    | Found a runed translucent gate.
 79150 | Elf:1    | Found a runed translucent gate.
 79152 | Elf:1    | Found a runed translucent gate.
 79795 | Elf:2    | Found a runed translucent gate.
 79795 | Elf:2    | Found a runed translucent gate.
 79803 | Elf:2    | Found a runed translucent gate.
 80257 | Elf:2    | Reached skill level 22 in Fighting
 80395 | Elf:2    | Noticed Asterion
 80460 | Elf:2    | Killed Asterion
 80582 | Elf:2    | Reached XP level 24. HP: 213/231 MP: 23/23
 81458 | Spider:2 | Received a gift from Okawaru
 81490 | Spider:2 | Killed robotcentaur's ghost
 81763 | Orc:1    | Killed Potutehi's ghost
 81763 | Orc:1    | Received a gift from Okawaru
 82132 | Depths:1 | Killed a caustic shrike
 82244 | Depths:1 | Identified the Grimoire of Captivating Arcane Weapons
 82349 | Depths:1 | Identified the +1 battleaxe of Qinyint {vorpal, Int+4
                  | Stlth+} (You found it on level 1 of the Depths)
 82367 | Depths:1 | Identified the Handbook of Shape Shifting and Enchantment
 82411 | Depths:1 | Noticed a caustic shrike
 82421 | Depths:1 | Killed a caustic shrike
 82421 | Depths:1 | Reached skill level 15 in Dodging
 82441 | Depths:1 | Found a one-way gate to the infinite horrors of the Abyss.
 82619 | Depths:1 | Found a gateway to Hell.
 82696 | Depths:2 | Noticed Bai Suzhen
 82723 | Depths:2 | Killed Bai Suzhen
 82752 | Depths:2 | Found Uddeed's Assorted Antiques.
 82770 | Depths:2 | Bought a potion of heal wounds for 205 gold pieces
 82770 | Depths:2 | Bought a potion of haste for 410 gold pieces
 82770 | Depths:2 | Bought a large copper ring for 205 gold pieces
 82770 | Depths:2 | Bought a potion of might for 164 gold pieces
 82789 | Depths:2 | Found Duowele's Armour Shoppe.
 82795 | Depths:2 | Found Domuss's Magic Scroll Emporium.
 82795 | Depths:2 | Found Koniatait's Weapon Shoppe.
 82800 | Depths:2 | Bought a scroll of teleportation for 33 gold pieces
 82800 | Depths:2 | Bought a scroll of fear for 38 gold pieces
 82800 | Depths:2 | Bought a scroll of brand weapon for 220 gold pieces
 82800 | Depths:2 | Bought a scroll of enchant weapon for 82 gold pieces
 82800 | Depths:2 | Bought a scroll of enchant weapon for 82 gold pieces
 83046 | Depths:2 | Found a gateway to a ziggurat.
 83297 | Depths:2 | Identified the Handbook of Unholy Magic and Malediction
 83413 | Depths:2 | Received a gift from Okawaru
 83773 | Depths:3 | Found a one-way gate leading to the halls of Pandemonium.
 84227 | Depths:3 | Received a gift from Okawaru
 84494 | Depths:3 | Reached skill level 23 in Fighting
 84819 | Depths:3 | Noticed a juggernaut
 84841 | Depths:3 | Killed a juggernaut
 84841 | Depths:3 | Reached XP level 25. HP: 242/243 MP: 23/23
 85394 | Depths:3 | Received a gift from Okawaru
 85694 | Depths:4 | Noticed Sojobo
 86069 | Depths:4 | Killed Sojobo
 86437 | Depths:4 | You are sucked into a shaft and drop 1 floor!
 86437 | Depths:5 | Entered Level 5 of the Depths
 86437 | Depths:5 | Found a gate to the Realm of Zot.
 86753 | Depths:4 | Noticed the Enchantress
 86779 | Depths:4 | Killed the Enchantress
 86833 | Depths:4 | Found a transporter.
 86953 | Depths:4 | Noticed an ancient lich
 87232 | Depths:4 | Identified the ring "Ebihidd" {rPois rN+ MR++ Int-3 Dex+4}
 87252 | Depths:4 | Reached skill level 24 in Fighting
 87446 | Depths:4 | Found a shimmering blue altar of Sif Muna.
 87957 | Elf:3    | Entered Level 3 of the Elven Halls
 88238 | Elf:3    | Received a gift from Okawaru
 88247 | Elf:3    | Identified the +6 dagger "Uqi Imau" {drain, MR+ Str-5
                  | Int+3}
 88248 | Elf:3    | Got a pair of faintly glowing boots {god gift}
 88375 | Elf:3    | Identified the -6 pair of boots of Zibrutse {Harm} (Okawaru
                  | gifted it to you on level 3 of the Elven Halls)
 88506 | Elf:3    | Found Yrphoec's Food Shoppe.
 88611 | Elf:3    | Reached XP level 26. HP: 167/256 MP: 23/23
 89024 | Elf:3    | Identified the amulet of Yxiset {Acrobat +Blink MP+9 Int+4
                  | Dex-4 Slay+2}
 89090 | Elf:3    | Identified the +0 ring mail "Jasila Josu" {rElec rF++ rC+++
                  | Dex-2}
 89356 | Elf:3    | Identified the Disquisition on Icy Malediction
 89384 | Elf:3    | Identified the +1 cloak of Milaemm {Str+2} (You found it on
                  | level 3 of the Elven Halls)
 89832 | Vaults:1 | Killed corvin's ghost
 89896 | Vaults:1 | Got a glittering steel amulet
 89899 | Vaults:1 | Identified the amulet "Cisidyuw" {Faith rPois} (You found
                  | it on level 1 of the Vaults)
 90257 | Zig:1    | Entered Level 1 of a ziggurat
 90363 | Depths:5 | Reached skill level 25 in Fighting
 90875 | Depths:5 | Found a shattered altar of Ashenzari.
 91954 | Zot:1    | Entered Level 1 of the Realm of Zot
 92149 | Depths:5 | Received a gift from Okawaru
 92152 | Depths:5 | Got a smoking battleaxe {god gift}
 92155 | Depths:5 | Identified the +9 battleaxe of Ovval {vamp, Str+2} (Okawaru
                  | gifted it to you on level 5 of the Depths)
 92185 | Zot:1    | Reached skill level 26 in Fighting
 92193 | Zot:1    | Noticed an orb of fire
 92368 | Zot:1    | Gained mutation: You are clumsy. (Dex -2) [an orb of fire]
 92376 | Zot:1    | Gained mutation: Your body sometimes deteriorates upon
                  | taking damage. [an orb of fire]
 92385 | Zot:1    | Killed an orb of fire
 92599 | Zot:1    | Noticed a shard shrike
 92772 | Zot:1    | Killed a shard shrike
 92772 | Zot:1    | Reached XP level 27. HP: 269/269 MP: 22/23
 93476 | Zot:1    | Received a gift from Okawaru
 94316 | Zot:3    | Noticed an orb of fire
 94337 | Zot:3    | Killed an orb of fire
 94597 | Zot:3    | Reached skill level 27 in Fighting
 94615 | Zot:3    | Received a gift from Okawaru
 95139 | Zot:3    | Identified the +4 dragonskin cloak
 95139 | Zot:3    | Noticed Tiamat
 95184 | Zot:3    | Killed Tiamat
 95840 | Zot:5    | Entered Level 5 of the Realm of Zot
 97019 | Zot:5    | Noticed an ancient lich
 97124 | Zot:5    | Killed an ancient lich
 97124 | Zot:5    | Received a gift from Okawaru
 97263 | Zot:5    | Noticed an ancient lich
 97273 | Zot:5    | Killed an ancient lich
 97821 | Zot:5    | Noticed an orb of fire
 97838 | Zot:5    | Gained mutation: You occasionally shout uncontrollably at
                  | your foes. [an orb of fire]
 97840 | Zot:5    | Lost mutation: Armour fits poorly on your strangely shaped
                  | body. [an orb of fire]
 97841 | Zot:5    | Killed an orb of fire
 97841 | Zot:5    | Received a gift from Okawaru
 97886 | Zot:5    | Noticed an orb of fire
 98066 | Zot:5    | Killed an orb of fire
 98124 | Zot:5    | HP: 8/273 [Orb Guardian (19)]
 98125 | Zot:5    | HP: 3/273 [Orb Guardian (3)]
 98125 | Zot:5    | Slain by an Orb Guardian

Illustrated notes

Levels and vault maps discovered:
D:1:      dpeg_arrival_chambers_temple_mockup, layout_basic
D:2:      layout_basic, uniq_robin, uniq_crazy_yiuf_cottage, uniq_jessica
D:3:      layout_basic, xom_teletrap_fun
D:4:      layout_rooms, marbit_many_paths, temple_fountains, first_ration
D:5:      layout_loops_ring, nicolae_overflow_hidden_temple,
          chequers_serial_rivers_small_b, grunt_decor_arrowhead
D:6:      layout_cave_pools
D:7:      minmay_razor_zed, layout_loops_corners, zin_purify
D:8:      minmay_evil_eye, layout_loops_ring,
          gammafunk_temple_overflow_elements, dpeg_lair_monsters,
          hangedman_ranch [blue_anna_fruit_fields]
D:9:      layout_rooms, cheibrodos_worm_habitat
D:10:     kennysheep_windowed_halls, layout_loops_ring, orc_0_dummy,
          serial_shops, shop
D:11:     layout_long_grid
D:12:     layout_irregular_city, serial_shops, kennysheep_mini,
          gauntlet_entry_generic, nicolae_ru_awakened_eye, uniq_sonja
D:13:     layout_cross
D:14:     layout_layer_cave, skrybe_vaults_entry_preservation,
          infiniplex_staircase_squiggle
D:15:     hangedman_slaughterboxes
Temple:   lightli_temple_of_artemis
Lair:1:   wad_woods_minihive, layout_gridlike
Lair:2:   kb_forest_paths, layout_chaotic_city,
          nicolae_spider_entry_tight_spaces, ebering_ghost_reflecting_pool,
          beast_lair_carwin_5
Lair:3:   layout_gridlike, minmay_shoals_entry_hut, beast_lair_carwin_6,
          lemuel_fruit_tree
Lair:4:   layout_gridlike, chequers_serial_rivers_micro_d
Lair:5:   layout_regular_city, grunt_forest_small_clearings,
          chequers_serial_rivers_micro_a, infiniplex_staircase_pool,
          serial_bayou_shore_a
Lair:6:   due_jungle_book, layout_regular_city, slime_dummy,
          bh_autumn_forest_stairs
Shoals:1: layout_shoals, nicolae_shoals_water_elemental_grotto
Shoals:2: layout_shoals, argonaut_gorgonesque
Shoals:3: layout_shoals, abandoned_shop
Shoals:4: shoals_end_grunt_ice, layout_shoals, shoals_ilsuiw_alternative,
          uniq_donald, uniq_polyphemus, uniq_louise
Spider:1: nicolae_spider_hall_of_the_moth_king, uniq_aizul
Spider:2: layout_spider_delve, gammafunk_ghost_berserking_beasts, drop_trap
Spider:3: layout_spider_delve, drop_trap, nicolae_spider_ant_collections
Spider:4: guppyfry_spider_rune, portal_ice_cave_entry_pillars_four, uniq_arachne
Slime:1:  layout_caves, nicolae_slime_barrier
Slime:2:  layout_caves
Slime:3:  layout_caves
Slime:4:  layout_caves
Slime:5
Orc:1:    layout_caves, gammafunk_ghost_wrathful_warriors, basic_altar,
          uniq_gastronok
Orc:2:    grunt_orc_cross, layout_caves, ebering_ghost_disaster_area,
          basic_altar, special_room, okawaru_metal_pillars_1_2
Elf:1:    minmay_elf_arrival_circle, layout_geoelf_octagon, serial_shops, shop,
          special_room [special_room_mythical_zoo], orc_legates
Elf:2:    layout_geoelf_octagon, minivault_28, uniq_asterion
Elf:3:    grunt_elf_hall_spiral, layout_geoelf_diagonals, serial_shops,
          shop_statue, minmay_curled_crystal
Vaults:1: biasface_vaults_ghost_orc_armoury, v_misc_16, vaults_dpeg_hooks,
          ontoclasm_vaults_chip, nicolae_vaults_triangles, st_hourglassy,
          nicolae_vaults_little_squares_1, nicolae_vaults_network_s,
          vaults_room_corners, hangedman_vaults_stagger, vaults_room_hallway,
          vaults_mumra_hex, layout_vaults_maze_bifur, uniq_saint_roka
Vaults:2: hangedman_vaults_hat, nicolae_vaults_asterisk,
          ontoclasm_vaults_gateway, minmay_guarded_unrand_secular_launcher,
          hangedman_vaults_pinch, v_rooms_1, vaults_room_hallway,
          vaults_room_boxed, ontoclasm_vaults_hangar,
          nicolae_vaults_yaktaur_gun_rack, vaults_room_grunt_arrival_checkpoint,
          vaults_dpeg_encased_lava, ontoclasm_vaults_tryst,
          nicolae_vaults_little_squares_2, layout_vaults_omnibox, basic_altar,
          serial_shops, shop
Vaults:3: vaults_standard_mumra_x, vaults_mumra_minichess,
          hangedman_vaults_impose, vaults_standard_mumra_enter_the_diamond,
          minmay_crypt_entry_skeletal_spiral, v_pattern_2, v_misc_4, v_misc_24,
          v_misc_4, v_misc_8, layout_vaults_chaotic_city, serial_shops, shop
Vaults:4: nicolae_vaults_disjoint_gnomons, nicolae_vaults_stairing_the_circle,
          vaults_dpeg_diagonal, nicolae_vaults_meeting, vaults_room_pool,
          grunt_vaults_hallway_long, hangedman_vaults_nodes,
          nicolae_vaults_little_ls, v_misc_23, serial_ice_h,
          layout_vaults_omnigrid
Depths:1: layout_roguey, hangedman_abyss_entry_splay, pf_hell_entry_great_geh,
          minmay_swirly_circle, serial_bayou_shore_b
Depths:2: kennysheep_cluttered_fort, layout_twisted_cross, enter_ziggurat_f,
          ebering_dispersal_statue_hall, serial_shops,
          nicolae_shop_competitors_out_of_business, hell_entry,
          minmay_librarian, minmay_shop_star, uniq_bai_suzhen
Depths:3: minmay_tile_spiral, layout_gridlike, pf_hell_entry_tar_spiral,
          pan_entry, hex_tiny, drop_trap
Depths:4: gammafunk_sealed_library, layout_small_grid,
          abyss_entry_small_statue_room, serial_bayou_pond_e, pf_coc_iceberg,
          infiniplex_staircase_diamond, uniq_enchantress, uniq_sojobo
Depths:5: grunt_zot_entry_bicorn, layout_gridlike, rand_demon_pan_entry_7,
          abyss_entry, hell_entry, nicolae_ashenzari_panopticon,
          chequers_serial_rivers_micro_a, statue_in_the_mist_lemuel
Zot:1:    layout_misc_corridors, hangedman_elemental_grid_stream
Zot:2:    layout_cathedral_of_symmetry
Zot:3:    layout_gridlike, uniq_tiamat
Zot:4:    layout_gridville, lemuel_elevator
Zot:5:    layout_gridlike

Skill      XL: |  1  2  3  4  5  6  7  8  9 10 11 12 13 14 15 16 17 18 19 20 21 22 23 24 25 26 27 |
---------------+----------------------------------------------------------------------------------+-----
Fighting       | 1 2 3 4 5 6 7 9 10 11 12 13 14 15 16 17 18 19 20 21 22 23 24 26 27 | 27.0
Maces & Flails | 1 2 3 4 |  4.5
Axes           | 1 3 6 8 11 12 13 16 18 19 20 21 22 23 | 23.3
Armour         | 1 3 5 6 8 9 10 11 12 13 14 15 16 17 18 19 20 21 22 | 22.0
Polearms       | 5 7 8 |  8.3
Dodging        | 3 4 5 6 7 8 9 10 11 12 13 14 15 17 18 21 | 21.6
Shields        | 2 4 5 7 9 11 12 14 15 16 | 16.7
Invocations    | 5 7 8 |  8.0
Evocations     | 2 5 6 |  6.2
Stealth        | |  1.5
Spellcasting   | |  1.5
Transmutations | |  0.6
Earth Magic    | |  3.0

Action                   |  1- 3 |  4- 6 |  7- 9 | 10-12 | 13-15 | 16-18 | 19-21 | 22-24 | 25-27 || total
-------------------------+-------+-------+-------+-------+-------+-------+-------+-------+-------++-------
Melee: Club              |    85 |       |       |       |       |       |       |       |       ||    85
       Dagger            |     2 |       |       |       |       |       |       |       |       ||     2
       Unarmed           |     2 |       |       |       |       |       |       |       |       ||     2
       Mace              |    12 |    63 |       |       |       |       |       |       |       ||    75
       Hand axe          |       |   123 |   482 |    24 |       |       |       |       |       ||   629
       Trident           |       |       |       |   897 |       |    49 |       |       |       ||   946
       Punch             |       |       |       |     2 |       |       |       |       |       ||     2
       War axe           |       |       |       |   428 |  1201 |       |       |       |       ||  1629
       Broad axe         |       |       |       |       |   753 |  1534 |  1046 |  1741 |  1885 ||  6959
       Battleaxe         |       |       |       |       |       |       |   576 |   242 |       ||   818
 Fire: Hunting sling     |       |       |     8 |       |       |       |       |       |       ||     8
Throw: Javelin           |       |       |    53 |     1 |       |       |       |       |       ||    54
       Stone             |       |       |     4 |       |       |       |       |       |       ||     4
       Dart              |       |       |       |    14 |       |       |    13 |     7 |       ||    34
 Cast: Sandblast         |    27 |    60 |    31 |       |       |       |       |       |       ||   118
Invok: Heroism           |       |       |     7 |    27 |    22 |    29 |    17 |    20 |    44 ||   166
       Finesse           |       |       |       |       |     1 |     4 |     5 |     8 |    12 ||    30
 Abil: Stop Flying       |       |       |       |       |       |       |       |     2 |       ||     2
       Evoke Flight      |       |       |       |       |       |       |       |     1 |     1 ||     2
Evoke: Wand              |       |       |     4 |     3 |    37 |    26 |       |       |     9 ||    79
       Lightning rod     |       |       |       |     2 |     8 |     7 |       |       |       ||    17
       Phantom mirror    |       |       |       |       |     1 |       |       |     2 |       ||     3
       Tin of tremorston |       |       |       |       |       |       |       |     3 |       ||     3
       Phial of floods   |       |       |       |       |       |       |       |     1 |       ||     1
  Use: Potion            |     1 |       |     5 |     6 |     6 |     5 |     8 |     3 |     4 ||    38
       Scroll            |       |     6 |     5 |    12 |    18 |    15 |    10 |    24 |    24 ||   114
 Stab: Sleeping          |     2 |       |     1 |       |       |       |     9 |     6 |       ||    18
       Distracted        |     1 |       |       |     1 |       |     3 |     1 |     3 |     4 ||    13
       Invisible         |       |       |       |     7 |       |       |       |       |       ||     7
       Petrified         |       |       |       |       |       |       |       |     2 |       ||     2
  Eat: Chunk             |     3 |     8 |     8 |    21 |    43 |    18 |    18 |     8 |     3 ||   130
       Ration            |       |     1 |     4 |     4 |     8 |     9 |     8 |    10 |    14 ||    58
Armor: Robe              |    32 |       |       |       |       |       |       |       |       ||    32
       Leather armour    |     8 |   104 |   102 |       |       |       |       |       |       ||   214
       Plate armour      |       |       |   159 |   873 |   889 |   675 |       |       |       ||  2596
       Chain mail        |       |       |    21 |       |       |       |       |       |       ||    21
       Acid dragon scale |       |       |       |       |       |   100 |   268 |   291 |   304 ||   963
Dodge: Dodged            |    80 |   146 |   201 |   429 |   575 |   701 |   768 |   914 |   875 ||  4689
Block: Buckler           |       |       |       |   170 |   583 |   811 |   152 |       |       ||  1716
       Reflection        |       |       |       |       |    16 |    23 |    50 |    75 |    58 ||   222
       Kite shield       |       |       |       |       |       |       |   283 |  1259 |  1198 ||  2740
       Other             |       |       |       |       |       |       |   107 |    20 |       ||   127
